 Dungeon Crawl Stone Soup version 0.30-a0-187-gd9c2deaf24 (webtiles) character file.

Game seed: 9900900584555001885

2067 NinjaNoafa the Vexing (level 9, -7/81 HPs)
             Began as an Ogre Gladiator on Oct 3, 2022.
             Was a Follower of Sif Muna.
             Engulfed by a cloud of flame (36 damage)
             ... on level 7 of the Dungeon.
             The game lasted 00:16:52 (5401 turns).

NinjaNoafa the Vexing (Ogre Gladiator)              Turns: 5401, Time: 00:16:53

Health: -7/81      AC: 10    Str: 19    XL:     9   Next: 26%
Magic:  13/13      EV: 10    Int: 17    God:    Sif Muna [*.....]
Gold:   502        SH:  0    Dex: 15    Spells: 10/14 levels left

rFire   . . .      SeeInvis .    e - +3 quarterstaff (holy)
rCold   . . .      Faith    +    (shield currently unavailable)
rNeg    . . .      Spirit   .    b - +1 robe
rPois   .          Reflect  .    c - +2 hat
rElec   .          Harm     .    (no cloak)
rCorr   .          Rampage  .    (gloves unavailable)
Will    .....                    (boots unavailable)
Stlth   +.........               G - amulet of faith
HPRegen 0.33/turn                t - +4 ring of protection
MPRegen 0.13/turn                q - +6 ring of dexterity

@: no status effects
A: large, unfitting armour, tough skin 1, horns 1, clever 1, devolution 1
a: Renounce Religion, Channel Magic


You were on level 7 of the Dungeon.
You worshipped Sif Muna.
Sif Muna was aware of your devotion.
You visited 2 branches of the dungeon, and saw 8 of its levels.

You collected 502 gold pieces.

Inventory:

Hand Weapons
 e - a +3 quarterstaff of holy wrath (weapon)
 x - the +11 sling of Beyond {freeze, Int+5}
   (You found it on level 3 of the Dungeon)

   Any ammunition fired from it freezes those it strikes, dealing additional
   cold damage.
   It can also slow down cold-blooded creatures.
   Int:       It affects your intelligence (+5).
Missiles
 d - 3 throwing nets
 f - 12 boomerangs
 i - 45 stones
 m - 8 poisoned darts
 o - 3 javelins (quivered)
 y - 2 silver boomerangs
Armour
 b - a +1 robe (worn)
 c - a +2 hat (worn)
Jewellery
 q - a +6 ring of dexterity (right hand)
 t - a +4 ring of protection (left hand)
 G - an amulet of faith (around neck)
Wands
 a - a wand of quicksilver (7)
Scrolls
 j - 2 scrolls of poison
 l - a scroll of magic mapping
 v - 2 scrolls of butterflies
 w - 2 scrolls of blinking
 B - a scroll of vulnerability
 C - 3 scrolls of immolation
 E - a scroll of teleportation
Potions
 g - a potion of degeneration
 h - 3 potions of magic
 n - 3 potions of curing
 r - a potion of berserk rage {unknown}
 s - a potion of cancellation {unknown}
 u - 2 potions of flight
 z - a potion of brilliance {unknown}
 A - 2 potions of heal wounds
 D - 2 potions of ambrosia {unknown}
 F - a potion of lignification {unknown}


   Skills:
 - Level 3.0 Fighting
 - Level 3.0 Staves
 - Level 5.0 Ranged Weapons
 - Level 3.0 Throwing
 - Level 3.0 Dodging
 - Level 3.0 Spellcasting
 - Level 7.0 Hexes
 + Level 3.7 Ice Magic


You had 10 spell levels left.
You knew the following spells:

 Your Spells              Type           Power      Damage    Failure   Level
a - Slow                  Hex            100%       N/A       1%          1
b - Confusing Touch       Hex            26%        N/A       3%          3

Your spell library contained the following spells:

 Spells                   Type           Power      Damage    Failure   Level
 Ozocubu's Armour         Ice            15%        N/A       12%         3
 Vampiric Draining        Necr           2%         2d6       45%         3
 Metabolic Englaciation   Hex/Ice        10%        N/A       47%         5
 Simulacrum               Ice/Necr       4%         N/A       100%        6


Dungeon Overview and Level Annotations

Branches:
Dungeon (7/15)             Temple (1/1) D:5

Altars:
Ashenzari
Dithmenos
Elyvilon
Fedhas
Gozag
Hepliaklqana
Kikubaaqudgha
Makhleb
Nemelex Xobeh
Okawaru
Qazlal
Ru
Sif Muna
Trog
Uskayaw
Vehumet
Wu Jian
Xom
Yredelemnul
Zin
The Shining One


Innate Abilities, Weirdness & Mutations

You are too large for most types of armour.
You have tough skin. (AC +1)
You have a pair of small horns on your head.
Your mind is acute. (Int +4, Str/Dex -1)
You have hidden genetic defects.


Message History

You throw a javelin. The javelin closely misses Pikel.
The javelin closely misses the lemure.
The javelin pierces through the lemure but does no damage.
Pikel hits you but does no damage. Pikel attacks as you move away!
Pikel barely misses you.
Found a wand of quicksilver (8).
Throw: 5 javelins
Press: ? - help, Q - select action, (/) - cycle Shift-Dir - straight line, f/p - lemure
Aim: a lemure (inner flame, 53% to hit)
You throw a javelin. The javelin pierces through Pikel!
Flame seeps out of Pikel.
Pikel is moderately wounded.
The javelin pierces through the lemure!
Flame seeps out of the lemure.
The lemure is moderately wounded.
The javelin barely misses the lemure.
Pikel is engulfed in blazing flames.
Flame seeps out of Pikel.
Pikel hits you with a +0 whip of freezing.
Pikel freezes you.
The lemure is engulfed in blazing flames.
Flame seeps out of the lemure.
Pikel is engulfed in blazing flames.
Flame seeps out of Pikel.
Pikel barely misses you.
The lemure is engulfed in blazing flames.
That felt strangely unrewarding.
The lemure explodes!
The fiery explosion engulfs Pikel.
Flame seeps out of Pikel.
Pikel is almost dead.
The fiery explosion engulfs the lemure!
Flame seeps out of the lemure.
The lemure is heavily wounded.
Throw: 4 javelins
Press: ? - help, Q - select action, (/) - cycle Shift-Dir - straight line, f/p - lemure
Aim: a lemure (flame, heavily wounded, inner flame, 53% to hit)
You throw a javelin. The javelin pierces through Pikel!
Sif Muna accepts your kill.
The javelin closely misses the lemure.
With Pikel's spell broken, his former minions thank you for their freedom.
The lemure departs this earthly plane. x2
Pikel explodes!
The fiery explosion engulfs you!!
You are engulfed in blazing flames.
You die...

### ..# .. #.# ..
#.# . ##.###. ..[...
../..# #.##.# #.##.#
#.##.# #@##.##
.....# #§°°§§#
#.##.# ####§(###
###.##.# #.###./...#
#...##^#
#.......#.###.#....#
#####.#.........##.#
#.#.###.#.#.##.#
#.#.# #.....##.#
#...# #.#.####..


There were no monsters in sight!

Vanquished Creatures
  Pikel (D:7)
  Joseph (D:7)
  Sigmund (D:3)
  Menkaure (D:4)
  An ice beast (D:5)
  2 ogres
  A lemure (D:7)
  A phantom (D:6)
  2 bullfrogs
  2 scorpions
  A necrophage (D:5)
  2 howler monkeys (D:6)
  2 hounds
  5 jellies
  2 orc priests (D:4)
  4 iguanas
  Ijyb (D:4)
  3 orc wizards (D:4)
  Terence (D:2)
  9 adders
  3 gnolls (D:6)
  An ufetubus (D:6)
  A worm (D:2)
  3 dart slugs
  14 orcs
  12 ball pythons
  10 endoplasms
  2 giant cockroaches (D:2)
  3 hobgoblins
  6 jackals
  6 quokkas
  8 bats
  7 frilled lizards
  7 goblins
  5 kobolds
  5 rats
136 creatures vanquished.

Vanquished Creatures (others)
  A plant (D:5)
1 creature vanquished.

Grand Total: 137 creatures vanquished

Notes
Turn   | Place    | Note
-------+----------+-------------------------------------------
     0 | D:1      | NinjaNoafa the Ogre Gladiator began the quest for the Orb.
     0 | D:1      | Reached XP level 1. HP: 22/22 MP: 1/1
   154 | D:1      | Reached XP level 2. HP: 30/31 MP: 2/2
   840 | D:2      | Reached XP level 3. HP: 36/37 MP: 3/3
   956 | D:2      | Reached skill level 1 in Spellcasting
  1096 | D:2      | Reached skill level 1 in Hexes
  1278 | D:2      | Reached XP level 4. HP: 42/45 MP: 6/6
  1554 | D:2      | Noticed Terence
  1568 | D:2      | Killed Terence
  1569 | D:2      | Reached skill level 2 in Hexes
  1944 | D:3      | Reached XP level 5. HP: 51/53 MP: 8/8
  2294 | D:3      | Identified the +11 sling of Beyond {freeze, Int+5}
  2332 | D:3      | Noticed Sigmund
  2342 | D:3      | Killed Sigmund
  2343 | D:3      | Reached skill level 3 in Hexes
  2343 | D:3      | Reached XP level 6. HP: 58/61 MP: 9/9
  2348 | D:3      | Learned a level 1 spell: Slow
  2773 | D:4      | Reached XP level 7. HP: 67/67 MP: 10/10
  2775 | D:4      | Reached skill level 4 in Hexes
  2918 | D:4      | Noticed Menkaure
  2930 | D:4      | Killed Menkaure
  2931 | D:4      | Reached skill level 5 in Hexes
  3007 | D:4      | Noticed Ijyb
  3009 | D:4      | Killed Ijyb
  3016 | D:4      | Learned a level 3 spell: Confusing Touch
  3071 | D:5      | Entered Level 5 of the Dungeon
  3079 | D:5      | Reached XP level 8. HP: 65/75 MP: 11/11
  3313 | D:5      | Reached skill level 5 in Ranged Weapons
  3444 | D:5      | Found a staircase to the Ecumenical Temple.
  3566 | Temple   | Entered the Ecumenical Temple
  4134 | Temple   | Became a worshipper of Sif Muna the Loreminder
  4493 | D:6      | You fall into a shaft and drop 1 floor!
  4497 | D:7      | Reached skill level 6 in Hexes
  5018 | D:6      | Reached skill level 7 in Hexes
  5018 | D:6      | Reached XP level 9. HP: 81/81 MP: 13/13
  5075 | D:6      | Reached skill level 1 in Ice Magic
  5113 | D:7      | Reached * piety under Sif Muna
  5159 | D:7      | Noticed Joseph
  5171 | D:7      | Killed Joseph
  5387 | D:7      | Noticed Pikel
  5394 | D:7      | Gained mutation: You have a pair of small horns on your
                  | head. [potion of mutation]
  5394 | D:7      | Gained mutation: You have hidden genetic defects. [potion
                  | of mutation]
  5394 | D:7      | Gained mutation: Your mind is acute. (Int +4, Str/Dex -1)
                  | [potion of mutation]
  5401 | D:7      | Killed Pikel
  5401 | D:7      | Engulfed by a cloud of flame

Illustrated notes

Levels and vault maps discovered:
D:1:      sevenhm_arrival_forest_fort_large_2, layout_loops_ring,
          minmay_misc_feat_alley, amcnicky_mini_pool_small
D:2:      layout_loops_cross, minmay_pentomino_pile, uniq_terence
D:3:      layout_loops_cross, hex_medium, uniq_sigmund
D:4:      layout_basic, skrybe_limestone_x, uniq_ijyb, uniq_menkaure
D:5:      layout_rooms, minmay_temple_entry_overgrown
D:6:      layout_basic
D:7:      layout_loops_cross, glass_columns_a, hangedman_abyss_or_decor_stabs,
          uniq_joseph, uniq_pikel, uniq_duvessa
Temple:   mainiacjoe_temple_starburst

Skill      XL: |  1  2  3  4  5  6  7  8  9 |
---------------+----------------------------+-----
Fighting       | 3 |  3.0
Dodging        | 3 |  3.0
Throwing       | 3 |  3.0
Spellcasting   | 1 2 3 |  3.0
Hexes          | 1 2 3 5 7 |  7.0
Ranged Weapons | 2 3 4 5 |  5.0
Ice Magic      | 3 |  3.7
Staves         | |  3.0

Action                   |  1- 3 |  4- 6 |  7- 9 || total
-------------------------+-------+-------+-------++-------
Melee: Quarterstaff      |    75 |    35 |     6 ||   116
       Whip              |       |    22 |       ||    22
       Flail             |       |     3 |       ||     3
 Fire: Sling             |       |    18 |    97 ||   115
Throw: Large rock        |    13 |       |       ||    13
       Boomerang         |    11 |       |       ||    11
       Throwing net      |     3 |       |       ||     3
       Javelin           |       |       |    19 ||    19
 Cast: Slow              |       |     3 |     8 ||    11
       Confusing Touch   |       |       |     1 ||     1
  Use: Potion            |       |     4 |     1 ||     5
       Scroll            |       |       |    15 ||    15
 Stab: Sleeping          |       |     4 |       ||     4
Armor: Robe              |    20 |    22 |    17 ||    59
Dodge: Dodged            |    50 |    44 |    37 ||   131

Table legend: (Time is in decaauts)
 A = Elapsed time spent in this place.
 B = Non-inter-level travel time spent in this place.
 C = Inter-level travel time spent in this place.
 D = Time resting spent in this place.
 E = Time spent auto-exploring this place.
 F = Levels seen in this place.
 G = Mean time per level.
                   A        B        C        D        E       F      G
               +--------+--------+--------+--------+--------+-----+--------+
         Total |   5459 |   5118 |    341 |      0 |   4142 |   8 |  682.4 |
       Dungeon |   4838 |   4589 |    249 |      0 |   3632 |   7 |  691.1 |
        Temple |    621 |    529 |     92 |      0 |    510 |   1 |  621.0 |
               +--------+--------+--------+--------+--------+-----+--------+

Top non-repeatable levels by time:
     D:2: 987 daAuts
     D:1: 853 daAuts
     D:3: 781 daAuts
     D:6: 761 daAuts
  Temple: 621 daAuts
     D:5: 565 daAuts
     D:4: 545 daAuts
     D:7: 342 daAuts
